 Dungeon Crawl Stone Soup version 0.31-a0-840-g6d2ecbb638 (webtiles) character file.

Game seed: 1025909513174654529

1200 Descartes the Blocker (level 8, -1/58 HPs)
             Began as a Formicid Fighter on Sept 27, 2023.
             Slain by Prince Ribbit (7 damage)
             ... on level 5 of the Dungeon.
             The game lasted 00:06:54 (4598 turns).

Descartes the Blocker (Formicid Fighter)            Turns: 4598, Time: 00:06:54

Health: -1/58      AC: 13    Str: 22    XL:     8   Next: 72%
Magic:  8/8        EV:  6    Int:  9    God:
Gold:   353        SH: 16    Dex: 13    Spells: 7/7 levels left

rFire   + . .        a - +0 war axe
rCold   . . .        v - +0 kite shield
rNeg    . . .        q - +0 plate armour
rPois   .            (helmet unavailable)
rElec   .            (no cloak)
rCorr   .            (no gloves)
SInv    +            (no boots)
Will    .....        z - amulet of reflection Stlth
                     s - ring of protection from fire
HPRegen 0.29/turn    (no ring)
MPRegen 0.11/turn

%: reflection
@: no status effects
A: permanent stasis, dig shafts and tunnels, antennae 3, four strong arms
a: Dig, Shaft Self


You were on level 5 of the Dungeon.
You visited 1 branch of the dungeon, and saw 6 of its levels.

You collected 353 gold pieces.

Inventory:

Hand Weapons
 a - a +0 war axe (weapon)
 m - a +2 short sword of holy wrath
 n - a +0 morningstar
 w - a +0 hand axe of electrocution
Missiles
 o - 10 javelins
 B - 3 silver javelins
 D - 2 poisoned darts
 E - 5 boomerangs
Armour
 q - a +0 plate armour (worn)
 v - a +0 kite shield (worn)
Jewellery
 s - a ring of protection from fire (left hand)
 z - an amulet of reflection (around neck)
Wands
 F - a wand of roots (9)
Scrolls
 c - a scroll of silence
 e - 2 scrolls of fog
 f - 2 scrolls of poison
 g - a scroll of summoning {unknown}
 i - 3 scrolls of immolation
 j - a scroll of amnesia {unknown}
 k - 2 scrolls of teleportation
 l - a scroll of blinking {unknown}
 r - 3 scrolls of vulnerability
 y - a scroll of revelation {unknown}
 G - a scroll of acquirement {unknown}
Potions
 b - a potion of ambrosia {unknown}
 d - 2 potions of might
 h - 3 potions of curing
 p - a potion of heal wounds {unknown}
 t - a potion of degeneration
 u - a potion of lignification
 x - a potion of brilliance
 A - 2 potions of mutation
 C - 3 potions of enlightenment


   Skills:
 - Level 3.2 Fighting
 - Level 2.0 Axes
 + Level 8.3 Armour
 + Level 9.9 Shields


You had 7 spell levels left.
You didn't know any spells.
Your spell library contained the following spells:

 Spells                   Type           Power      Damage    Failure   Level
 Freeze                   Ice            0%         1d3       100%        1
 Frozen Ramparts          Ice            0%         1d1       100%        3
 Hailstorm                Conj/Ice       0%         3d3       100%        3


Dungeon Overview and Level Annotations

Branches:
Dungeon (6/15)
 Temple: D:4-7

Altars:
Hepliaklqana
Okawaru
Ru

Shops:
D:3 [[

Annotations:
D:5 Prince Ribbit


Innate Abilities, Weirdness & Mutations

You cannot be hasted, slowed, berserked, paralysed or teleported.
You can dig through walls and to a lower floor.
You have a pair of large antennae on your head. (SInv)
Your four strong arms can wield two-handed weapons with a shield.


Message History

There is a stone staircase leading up, spattered with blood here.
Prince Ribbit hits you but does no damage.
You climb upwards.
There is a stone staircase leading down here.
You closely miss Prince Ribbit.
Prince Ribbit is heavily wounded.
Prince Ribbit completely misses you.
Prince Ribbit blinks!
You miss Prince Ribbit.
Prince Ribbit is heavily wounded.
You block Prince Ribbit's attack. Prince Ribbit barely misses you.
You barely miss Prince Ribbit.
Prince Ribbit is heavily wounded.
Prince Ribbit hits you but does no damage.
You block Prince Ribbit's attack. x2
You completely miss Prince Ribbit.
Prince Ribbit is heavily wounded.
Prince Ribbit hits you but does no damage.
Prince Ribbit hops awkwardly around.
Prince Ribbit hits you!
* * * LOW HITPOINT WARNING * * *
Prince Ribbit hops awkwardly around.
Prince Ribbit attacks as he pursues you!
Prince Ribbit hits you but does no damage.
Prince Ribbit attacks as he pursues you!
You block Prince Ribbit's attack. Prince Ribbit hits you!
* * * LOW HITPOINT WARNING * * *
You slash Prince Ribbit!
Prince Ribbit is severely wounded.
You block Prince Ribbit's attack. x2
You miss Prince Ribbit.
Prince Ribbit is severely wounded.
Prince Ribbit blinks!
You block Prince Ribbit's attack.
You barely miss Prince Ribbit.
Prince Ribbit is severely wounded.
Prince Ribbit blinks!
You hit Prince Ribbit.
Prince Ribbit is almost dead.
Prince Ribbit barely misses you. Prince Ribbit hits you!
You die...

.......#.....#####
#.#.....#.###
...##.#.....#######
#.#.#.###.#
#.###..#####.##...# #.#.#.#
#.# #.# #..# #.##.>.#
#.#.#.# #.# #.# ##.##
####...# #####.# #.# #.#
##.########.###### #.# #.#
#.# ##.##...#...#...# #.#
#.# #.#
#.##.>..§8...>.###.###.###
#.#
#.##...#.@F#...##.........
#.#
#.#######.#######.########
#.# #.................#
#.#### #....⌠.......⌠....#
#....# #.................#
####.# #########.##########
#.# ####...#...#...##..#
####.###.##.<...8...<.###.#
.........##...#...#...# #.#


You could see Prince Ribbit.

Vanquished Creatures
  Sigmund (D:2)
  2 water moccasins (D:5)
  An ogre (D:6)
  A bullfrog (D:6)
  2 scorpions
  6 hounds
  An orc priest (D:5)
  A sleepcap (D:5)
  2 iguanas
  An orc wizard (D:5)
  12 adders
  An ufetubus (D:5)
  3 worms (D:2)
  4 dart slugs
  14 orcs
  12 endoplasms
  4 giant cockroaches
  7 goblins
  9 hobgoblins
  3 jackals (D:1)
  2 quokkas (D:2)
  11 ball pythons
  8 bats
  5 frilled lizards
  6 kobolds
  6 rats
125 creatures vanquished.

Notes
Turn   | Place    | Note
-------+----------+-------------------------------------------
     0 | D:1      | Descartes the Formicid Fighter began the quest for the Orb.
     0 | D:1      | Reached XP level 1. HP: 18/18 MP: 1/1
   115 | D:1      | Reached XP level 2. HP: 18/24 MP: 2/2
   246 | D:1      | Reached XP level 3. HP: 29/29 MP: 3/3
   672 | D:2      | Found a sacrificial altar of Ru.
   753 | D:2      | Reached skill level 5 in Shields
   828 | D:2      | Noticed Sigmund
   840 | D:2      | Killed Sigmund
   841 | D:2      | Reached skill level 5 in Armour
   841 | D:2      | Reached skill level 6 in Shields
   841 | D:2      | Reached XP level 4. HP: 6/35 MP: 4/4
   841 | D:2      | Reached XP level 5. HP: 8/41 MP: 5/5
   841 | D:2      | Reached XP level 6. HP: 9/47 MP: 6/6
   996 | D:2      | Found a faded altar of an unknown god.
  1425 | D:2      | Reached skill level 7 in Shields
  2102 | D:3      | Found Natwo's Armour Shoppe.
  2213 | D:3      | Found Toucvod's Antique Armour Emporium.
  2325 | D:4      | Found an iron altar of Okawaru.
  2353 | D:4      | Reached XP level 7. HP: 52/52 MP: 7/7
  3114 | D:5      | Entered Level 5 of the Dungeon
  3126 | D:5      | Noticed a water moccasin
  3133 | D:5      | Killed a water moccasin
  3134 | D:5      | Reached skill level 8 in Shields
  3345 | D:5      | Reached XP level 8. HP: 58/58 MP: 8/8
  3557 | D:5      | Reached skill level 9 in Shields
  4207 | D:6      | Found a hazy altar of Hepliaklqana.
  4209 | D:6      | Noticed Prince Ribbit
  4598 | D:5      | Slain by Prince Ribbit

Illustrated notes

Levels and vault maps discovered:
D:1:      psy_arrival_spokes, layout_basic, serial_bayou_pond_d,
          minmay_misc_feat_pillars
D:2:      layout_loops_ring, basic_altar, hellmonk_ecumenical_altar_crossroads,
          roderic_roman_lattice, minmay_vboxes, uniq_sigmund
D:3:      layout_rooms, serial_shops, nicolae_shop_pleasant_corner_grove,
          nicolae_shop_window_shopping, grunt_ministairs_6
D:4:      layout_basic, mainiacjoe_overflow_small_starburst
D:5:      layout_loops_ring, nicolae_elevator_lobby_plus
D:6:      layout_cave_pools, mainiacjoe_overflow_tiny_flanked,
          uniq_prince_ribbit1

Skill      XL: |  1  2  3  4  5  6  7  8 |
---------------+-------------------------+-----
Armour         | 5 6 7 8 |  8.3
Shields        | 6 7 8 9 |  9.9
Fighting       | |  3.2
Axes           | |  2.0

Action                     |  1- 3 |  4- 6 |  7- 9 || total
---------------------------+-------+-------+-------++-------
  Melee: War axe           |   110 |   167 |   237 ||   514
    Use: Scroll            |       |       |    12 ||    12
 Armour: Scale mail        |    99 |    16 |       ||   115
         Plate armour      |       |   129 |   166 ||   295
  Dodge: Dodged            |    51 |    55 |    49 ||   155
  Block: Buckler           |    24 |    30 |       ||    54
         Kite shield       |       |    39 |   230 ||   269
         Reflection        |       |       |     3 ||     3

Table legend: (Time is in decaauts)
 A = Elapsed time spent in this place.
 B = Non-inter-level travel time spent in this place.
 C = Inter-level travel time spent in this place.
 D = Time resting spent in this place.
 E = Time spent auto-exploring this place.
 F = Levels seen in this place.
 G = Mean time per level.
                   A        B        C        D        E       F      G
               +--------+--------+--------+--------+--------+-----+--------+
         Total |   4839 |   4703 |    136 |      0 |   3487 |   6 |  806.5 |
       Dungeon |   4839 |   4703 |    136 |      0 |   3487 |   6 |  806.5 |
               +--------+--------+--------+--------+--------+-----+--------+

Top non-repeatable levels by time:
     D:5: 1455 daAuts
     D:2: 1151 daAuts
     D:4: 821 daAuts
     D:1: 694 daAuts
     D:3: 591 daAuts
     D:6: 125 daAuts
